 Dungeon Crawl Stone Soup version 0.25.1-8-g42b30a86e7 (webtiles) character file.

Game seed: 9221237668667130554

487 Eitelfritz the Slasher (level 7, 0/59 HPs)
             Began as a Hill Orc Gladiator on Dec 26, 2020.
             Killed from afar by a white imp (12 damage)
             ... with a puff of frost
             ... summoned by Eustachio
             ... on level 4 of the Dungeon.
             The game lasted 00:11:24 (4030 turns).

Eitelfritz the Slasher (Hill Orc Gladiator)         Turns: 4030, Time: 00:11:24

Health: 0/59       AC:  8    Str: 18    XL:     7   Next: 13%
Magic:  7/7        EV: 11    Int:  9    God:
Gold:   145        SH:  0    Dex: 12    Spells: 6/6 levels left

rFire    . . .     SeeInvis .   a - +0 long sword
rCold    . . .     Gourm    .   (no shield)
rNeg     . . .     Faith    .   s - +0 scale mail
rPois    .         Spirit   .   c - +0 helmet
rElec    .         Reflect  .   (no cloak)
rCorr    .         Harm     .   (no gloves)
MR       .....                  (no boots)
Stlth    ..........             (no amulet)
HPRegen  0.19/turn              (no ring)
MPRegen  0.10/turn              (no ring)

@: hasted, very quick
A: no striking features
a: no special abilities


You were on level 4 of the Dungeon.
You were not hungry.

You visited 1 branch of the dungeon, and saw 4 of its levels.

You collected 145 gold pieces.

Inventory:

Hand Weapons
 a - a +0 long sword (weapon)
Missiles
 b - 18 poisoned darts (quivered)
 d - 3 throwing nets
 g - 114 stones
Armour
 c - a +0 helmet (worn)
 s - a +0 scale mail (worn)
Jewellery
 p - an uncursed ring of ice
Wands
 t - a wand of flame (10)
Scrolls
 j - a scroll of fear
 k - 3 scrolls of teleportation
Potions
 e - 4 potions of curing
 n - 2 potions of stabbing
 q - a potion of cancellation
 r - 3 potions of lignification
 u - a potion of flight {unknown}
Comestibles
 f - 5 rations
 h - 7 chunks of flesh


   Skills:
 + Level 4.1 Fighting
 + Level 6.5 Long Blades
 + Level 1.9 Throwing
 + Level 3.2 Armour
 + Level 3.2 Dodging
 + Level 0.3 Stealth


You had 6 spell levels left.
You didn't know any spells.
Your spell library was empty.

Dungeon Overview and Level Annotations

Branches:
Dungeon (4/15)
 Temple: D:4-7

Altars:
Elyvilon

Shops:
D:4 =

Annotations:
D:4 Eustachio, Sigmund


Message History

The bat hits you but does no damage.
You closely miss the bat. The bat barely misses you.
The bat hits you but does no damage. The white imp puffs mist at you.
You feel yourself speed up. The bat hits you but does no damage.
You slash the bat!
You kill the bat!
The bat's corpse disappears in a puff of smoke!
The white imp barely misses you.
You riposte.
You hit the white imp.
The white imp is moderately wounded.
You closely miss the white imp.
The white imp is moderately wounded.
The white imp hits you but does no damage.
You hit the white imp but do no damage.
The white imp is moderately wounded.
You barely miss the white imp.
The white imp is moderately wounded.
The white imp gestures at you. The puff of frost hits you!
You die...

#############
............########
.......##...........
####...##o..########
#.....Y......#
#.##..o#####.########
#...# #.5@5@...#
#.Y.# ########.##
#...# ##.#.###
...o...# #.###..#
.......# ##.#.#.# #.#
##.#..## ##.##.# #.#
#.#.## ####.# #.#
#.#.# #.# #.# # #.#
#####.## #.#


You could see Eustachio and 2 white imps.

Vanquished Creatures
  An ogre (D:4)
  A phantom (D:4)
  A sky beast (D:4)
  An orc wizard (D:4)
  A howler monkey zombie (D:3)
  3 gnolls (D:2)
  7 adders
  An ooze (D:3)
  A worm (D:2)
  5 dart slugs
  3 leopard geckos
  9 orcs
  5 bats
  4 giant cockroaches
  8 goblins
  10 hobgoblins
  9 jackals
  8 frilled lizards
  8 kobolds
  A leopard gecko skeleton (D:4)
  6 rats
93 creatures vanquished.

Notes
Turn   | Place    | Note
-------+----------+-------------------------------------------
     0 | D:1      | Eitelfritz the Hill Orc Gladiator began the quest for the
                  | Orb.
     0 | D:1      | Reached XP level 1. HP: 18/18 MP: 1/1
   124 | D:1      | Reached XP level 2. HP: 20/25 MP: 2/2
   661 | D:1      | Reached skill level 4 in Long Blades
   666 | D:1      | Reached XP level 3. HP: 20/30 MP: 3/3
   997 | D:2      | HP: 1/30 [worm (11)]
  1515 | D:2      | Reached XP level 4. HP: 32/38 MP: 4/4
  1728 | D:2      | Reached skill level 1 in Armour
  2129 | D:2      | Reached skill level 5 in Long Blades
  2174 | D:2      | Reached XP level 5. HP: 29/45 MP: 5/5
  2800 | D:3      | Found a faded altar of an unknown god.
  3027 | D:3      | Found a white marble altar of Elyvilon.
  3389 | D:4      | Noticed Sigmund
  3612 | D:4      | Noticed a phantom
  3671 | D:4      | Killed a phantom
  3671 | D:4      | Reached XP level 6. HP: 34/52 MP: 6/6
  3764 | D:4      | Found Kafock's Jewellery Shop.
  3866 | D:4      | Reached skill level 6 in Long Blades
  3960 | D:4      | Noticed a sky beast
  3992 | D:4      | Killed a sky beast
  3992 | D:4      | Reached XP level 7. HP: 16/59 MP: 7/7
  4017 | D:4      | Noticed Eustachio
  4030 | D:4      | Killed from afar by a white imp

Illustrated notes

Levels and vault maps discovered:
D:1:      minmay_arrival_glassed_features, layout_basic, roderic_roman_lattice,
          chequers_mini_garden
D:2:      layout_rooms, first_ration, minmay_hexomino_u4
D:3:      layout_rooms, elyvilon_altar_1, chequers_ecumenical_altar_simple_redux
D:4:      minmay_chambers_of_twos, layout_loops_ring, serial_shops,
          nicolae_shop_waterfront, grunt_ministairs_8, uniq_eustachio,
          uniq_sigmund

Skill      XL: |  1  2  3  4  5  6 |
---------------+-------------------+-----
Long Blades    | 4 5 6 |  6.5
Fighting       | 3 4 |  4.1
Armour         | 1 2 3 |  3.2
Dodging        | 3 |  3.2
Throwing       | |  1.9
Stealth        | |  0.3

Action                   |  1- 3 |  4- 6 |  7- 9 || total
-------------------------+-------+-------+-------++-------
Melee: Long sword        |    89 |   211 |    14 ||   314
Throw: Dart              |       |     2 |       ||     2
  Use: Scroll            |       |    10 |       ||    10
       Potion            |       |       |     1 ||     1
  Eat: Chunk             |     2 |     8 |       ||    10
Armor: Leather armour    |    26 |    26 |       ||    52
       Scale mail        |       |    59 |     5 ||    64
Dodge: Dodged            |    51 |   127 |     9 ||   187
       Rpst.: Long sword |    15 |    46 |     2 ||    63
